 Dungeon Crawl Stone Soup version 0.29.1-15-g9cfb28693d (webtiles) character file.

Game seed: 4235417597520356909

40 Heoruswealwe the Magician (level 3, 0/19 HPs)
             Began as a Deep Elf Earth Elementalist on Apr 12, 2023.
             Was a Follower of Nemelex Xobeh.
             Slain by Menkaure (12 damage)
             ... on level 4 of the Dungeon.
             The game lasted 00:05:31 (716 turns).

Heoruswealwe the Magician (DEEE)                     Turns: 716, Time: 00:05:32

Health: 0/19       AC:  3    Str:  5    XL:     3   Next: 30%
Magic:  6/10       EV: 12    Int: 21    God:    Nemelex Xobeh [*.....]
Gold:   54         SH:  5    Dex: 15    Spells: 9/10 levels left

rFire   . . .      SeeInvis .   (no weapon)
rCold   + . .      Faith    .   (no shield)
rNeg    . . .      Spirit   .   a - +0 robe
rPois   .          Reflect  +   e - +0 helmet
rElec   .          Harm     .   (no cloak)
rCorr   .          Rampage  .   (no gloves)
Will    .....                   (no boots)
Stlth   ++........              f - amulet of reflection
HPRegen 0.06/turn               j - ring of protection from cold
MPRegen 0.12/turn               (no ring)

@: no status effects
A: no striking features
a: Renounce Religion, Draw Escape, Draw Destruction, Draw Summoning


You were on level 4 of the Dungeon.
You worshipped Nemelex Xobeh.
Nemelex Xobeh was aware of your devotion.
You visited 1 branch of the dungeon, and saw 4 of its levels.

You collected 54 gold pieces.

Inventory:

Armour
 a - a +0 robe (worn)
 e - a +0 helmet (worn)
Jewellery
 f - an amulet of reflection (around neck)
 j - a ring of protection from cold (left hand)
Scrolls
 d - 3 scrolls of teleportation {unknown}
 g - a scroll of poison {unknown}
 k - 2 scrolls of identify {unknown}
 l - a scroll of enchant weapon {unknown}
Potions
 b - 2 potions of magic
 c - a potion of ambrosia {unknown}
 h - a potion of haste {unknown}
 i - 2 potions of lignification {unknown}
 m - 2 potions of curing {unknown}


   Skills:
 - Level 2.4 Dodging
 - Level 2.4 Stealth
 + Level 4.2 Spellcasting
 - Level 1.1 Transmutations
 + Level 4.1 Earth Magic


You had 9 spell levels left.
You knew the following spells:

 Your Spells              Type           Power      Damage    Failure   Level
a - Sandblast             Erth           44%        2d11      2%          1

Your spell library contained the following spells:

 Spells                   Type           Power      Damage    Failure   Level
 Passwall                 Tmut/Erth      12%        N/A       6%          2
 Stone Arrow              Conj/Erth      26%        3d8       16%         3
 Petrify                  Tmut/Erth      15%        N/A       36%         4


Dungeon Overview and Level Annotations

Branches:
Dungeon (4/15)
 Temple: D:4-7

Altars:
Nemelex Xobeh

Shops:
D:2 !

Annotations:
D:4 Menkaure


Message History

A ball python comes into view.
The blast of sand hits the ball python!
You kill the ball python!
A bat and a goblin come into view.
The blast of sand hits the bat.
You kill the bat!
The goblin shouts!
The blast of sand misses the goblin.
You block the goblin's attack.
The blast of sand hits the goblin!
You kill the goblin!
You see here a +0 dagger.
You see here a +0 dagger.
A goblin comes into view. It is wielding a +0 club.
The goblin shouts!
You see here 4 stones.
The blast of sand hits the goblin!
You kill the goblin!
Things that are here:
a +0 club; a goblin corpse You see here a bat corpse.
There is an escape hatch in the floor here.
You slide downwards.
The hatch slams shut behind you.
Found a potion of magic.
Found a scale mail.
b - 2 potions of magic (gained 1) Menkaure, Prince of Dust comes into view.
You see here a +0 scale mail.
Menkaure shouts!
The blast of sand misses Menkaure.
The blast of sand hits Menkaure!
Menkaure is moderately damaged.
Menkaure calls on the powers of darkness!
Your body is wracked with pain!
The blast of sand misses Menkaure.
Menkaure misses you.
The blast of sand hits Menkaure.
Menkaure is heavily damaged.
Menkaure hits you!
Ouch! That really hurt!
You die...
Your body disappears without a glow.

#. ## ##. #. .. #.
#. # #. #.#####.#
#. #.......#
..####.########.#.#
..................#
#....@[.......###
#..#M########## #
... #.### #


You could see Menkaure.

Vanquished Creatures
  2 adders
  A dart slug (D:2)
  2 bats
  A giant cockroach (D:2)
  4 goblins
  2 hobgoblins
  2 jackals (D:2)
  A ball python (D:3)
  3 kobolds
  3 rats (D:1)
21 creatures vanquished.

Notes
Turn   | Place    | Note
-------+----------+-------------------------------------------
     0 | D:1      | Heoruswealwe the Deep Elf Earth Elementalist began the
                  | quest for the Orb.
     0 | D:1      | Reached XP level 1. HP: 10/10 MP: 6/6
   409 | D:1      | Found a faded altar of an unknown god.
   417 | D:1      | Prayed at the altar of an unknown god.
   417 | D:1      | Became a worshipper of Nemelex Xobeh the Trickster
   417 | D:1      | Reached * piety under Nemelex Xobeh
   419 | D:1      | You fall into a shaft and drop 1 floor!
   423 | D:2      | Found Duicuv's Distillery.
   445 | D:2      | Reached XP level 2. HP: 15/15 MP: 4/8
   477 | D:2      | Received a gift from Nemelex Xobeh
   513 | D:3      | Reached XP level 3. HP: 19/19 MP: 2/10
   711 | D:4      | Noticed Menkaure
   716 | D:4      | Slain by Menkaure

Illustrated notes

Levels and vault maps discovered:
D:1:      dpeg_arrival_tiny_c, layout_basic,
          hellmonk_ecumenical_altar_leap_of_faith
D:2:      layout_basic, serial_shops, nicolae_shop_competitors_out_of_business,
          uniq_crazy_yiuf_cottage
D:3:      layout_rooms, serial_curves, eino_curves_02, eino_curves_03,
          minivault_26, minivault_11, uniq_ijyb
D:4:      minmay_chambers_of_twos, layout_loops_ring,
          lemuel_coloured_pillars_altar, lightli_corner_chamber, uniq_menkaure,
          uniq_edmund, uniq_robin, uniq_eustachio

Skill      XL: |  1  2 |
---------------+-------+-----
Spellcasting   | 4 |  4.2
Earth Magic    | 4 |  4.1
Dodging        | |  2.4
Stealth        | |  2.4
Transmutations | |  1.1

Action                   || total
-------------------------++-------
Melee: Unarmed           ||     2
 Cast: Sandblast         ||    32
Armor: Robe              ||     5
Dodge: Dodged            ||     5
Block: Other             ||     2
